3L
QUEBEC CITY LES BLEUS @ OAKLAND OAKS
08/03/2033
 
TOP OF THE 1ST
Quebec City Les Bleus batting - Pitching for Oakland Oaks : LHP Faisal bin Nabeel
Pitching: LHP Faisal bin Nabeel
Batting: RHB Jorge Salgado 0-0: Called Strike
0-1: Called Strike
0-2: SINGLE (Line Drive, 7S)
Batting: LHB Jeff Simpson 0-0: Ball
1-0: Fly out, F7 (Line Drive, 7)
Batting: RHB Kumanosuke Asano 0-0: Ball
Jorge Salgado steals 2nd base
1-0: Fly out, F8 (Flyball, 78XD)
Runner from 2nd tags up, SAFE at 3rd, no throw
Batting: RHB Lane McCool 0-0: Ball
1-0: Foul Ball, location: 2F
1-1: Ground out 5-3 (Groundball, 5)
Top of the 1st over - 0 runs, 1 hit, 0 errors, 1 left on base; Quebec City 0 - Oakland 0
BOTTOM OF THE 1ST
Oakland Oaks batting - Pitching for Quebec City Les Bleus : RHP CB Huntington
Pitching: RHP CB Huntington
Batting: RHB Colin O'Connell 0-0: Ball
1-0: Called Strike
1-1: Fly out, F8 (Flyball, 8LD)
Batting: RHB Yosuke Hayashi 0-0: Foul Ball, location: 2F
0-1: Ball
1-1: Ball
2-1: Foul Ball, location: 2F
2-2: Ball
3-2: Strikes out swinging
Batting: RHB Yehonatan Chazan 0-0: SINGLE (Groundball, 6MD)
Batting: RHB Armando Rodríguez 0-0: SINGLE (Groundball, 15S) (infield hit)
Yehonatan Chazan to second
Batting: SHB Luis Luquín 0-0: Ball
1-0: Called Strike
1-1: Swinging Strike
1-2: Ball
2-2: Fly out, F7 (Flyball, 7LS)
Bottom of the 1st over - 0 runs, 2 hits, 0 errors, 2 left on base; Quebec City 0 - Oakland 0
TOP OF THE 2ND
Quebec City Les Bleus batting - Pitching for Oakland Oaks : LHP Faisal bin Nabeel
Batting: LHB Scott Janousek 0-0: Called Strike
0-1: Swinging Strike
0-2: Ball
1-2: Strikes out swinging
Batting: RHB Jack Bonner 0-0: Ball
1-0: Foul Ball, location: 2F
1-1: Called Strike
1-2: Ball
2-2: SINGLE (Line Drive, 56)
Batting: SHB Luis Manuel Flores 0-0: DOUBLE (Line Drive, 78D)
Jack Bonner to third
Runner from 3rd tries for Home, SAFE, no throw
Batting: RHB Reg Spiers 0-0: Ball
1-0: Ball
2-0: SINGLE (Groundball, 34D)
Luis Manuel Flores to third
Runner from 3rd tries for Home, SAFE, no throw
Batting: RHB Stan Pagnotta 0-0: Fly out, F4 (Line Drive, 4M)
Batting: RHB Jorge Salgado 0-0: Swinging Strike
0-1: Ball
1-1: Ball
2-1: Foul Ball, location: 2F
2-2: Foul Ball, location: 2F
2-2: Foul Ball, location: 2F
2-2: Ball
3-2: Base on Balls
Reg Spiers to second
Batting: LHB Jeff Simpson 0-0: Ball
1-0: Reached via error on a dropped throw, E1
Reg Spiers to third
Jorge Salgado to second
Batting: RHB Kumanosuke Asano 0-0: Ball
1-0: Fielders Choice at 2nd, 6-4 (Groundball, 6)
Top of the 2nd over - 2 runs, 3 hits, 1 error, 3 left on base; Quebec City 2 - Oakland 0
BOTTOM OF THE 2ND
Oakland Oaks batting - Pitching for Quebec City Les Bleus : RHP CB Huntington
Batting: RHB Joseph Papasogli 0-0: Ball
1-0: Called Strike
1-1: Ground out 5-3 (Groundball, 56)
Batting: RHB Cristián Coronado 0-0: Ball
1-0: Ground out 6-3 (Groundball, 6M)
Batting: LHB Ed Berry 0-0: Ball
1-0: Fly out, F9 (Flyball, 9D)
Bottom of the 2nd over - 0 runs, 0 hits, 0 errors, 0 left on base; Quebec City 2 - Oakland 0
TOP OF THE 3RD
Quebec City Les Bleus batting - Pitching for Oakland Oaks : LHP Faisal bin Nabeel
Batting: RHB Lane McCool 0-0: Called Strike
0-1: Ball
1-1: Ball
2-1: Ball
3-1: Swinging Strike
3-2: Strikes out looking
Batting: LHB Scott Janousek 0-0: Called Strike
0-1: Swinging Strike
0-2: Hit by Pitch
Batting: RHB Jack Bonner 0-0: Ball
1-0: Foul Ball, location: 2F
1-1: Ball
2-1: Called Strike
2-2: Hit by Pitch
Scott Janousek to second
Batting: SHB Luis Manuel Flores 0-0: SINGLE (Groundball, 34S) (infield hit)
Scott Janousek to third
Jack Bonner to second
Batting: RHB Reg Spiers 0-0: Ball
1-0: TRIPLE (Flyball, 7D)
Scott Janousek scores
Jack Bonner scores
Luis Manuel Flores scores
Batting: RHB Stan Pagnotta 0-0: Called Strike
0-1: Ground out 5-3 (Groundball, 56)
Reg Spiers scores
Batting: RHB Jorge Salgado 0-0: Ball
1-0: Called Strike
1-1: Foul Ball, location: 2F
1-2: Ball
2-2: Ball
3-2: Ground out 4-3 (Groundball, 4)
Top of the 3rd over - 4 runs, 2 hits, 0 errors, 0 left on base; Quebec City 6 - Oakland 0
BOTTOM OF THE 3RD
Oakland Oaks batting - Pitching for Quebec City Les Bleus : RHP CB Huntington
Batting: RHB Mike Wazowski 0-0: Swinging Strike
0-1: Swinging Strike
0-2: Foul Ball, location: 2F
0-2: Ball
1-2: Strikes out swinging
Batting: RHB Colin O'Connell 0-0: Fly out, F6 (Popup, P)
Batting: RHB Yosuke Hayashi 0-0: Ball
1-0: Ground out 6-3 (Groundball, 6S)
Bottom of the 3rd over - 0 runs, 0 hits, 0 errors, 0 left on base; Quebec City 6 - Oakland 0
TOP OF THE 4TH
Quebec City Les Bleus batting - Pitching for Oakland Oaks : LHP Faisal bin Nabeel
Batting: LHB Jeff Simpson 0-0: Swinging Strike
0-1: Called Strike
0-2: Strikes out looking
Batting: RHB Kumanosuke Asano 0-0: Called Strike
0-1: Swinging Strike
0-2: Ball
1-2: Foul Ball, location: 2F
1-2: Ball
2-2: Strikes out swinging
Batting: RHB Lane McCool 0-0: SINGLE (Line Drive, 4MD)
Batting: LHB Scott Janousek 0-0: Foul Ball, location: 2F
0-1: Swinging Strike
0-2: Ball
1-2: Ball
2-2: Strikes out swinging
Top of the 4th over - 0 runs, 1 hit, 0 errors, 1 left on base; Quebec City 6 - Oakland 0
BOTTOM OF THE 4TH
Oakland Oaks batting - Pitching for Quebec City Les Bleus : RHP CB Huntington
Batting: RHB Yehonatan Chazan 0-0: Ball
1-0: SINGLE (Line Drive, 78S)
Batting: RHB Armando Rodríguez 0-0: Fly out, F9 (Flyball, 8RS)
Batting: SHB Luis Luquín 0-0: Ball
1-0: Called Strike
1-1: SINGLE (Groundball, 25) (infield hit)
Yehonatan Chazan to second
Batting: RHB Joseph Papasogli 0-0: Foul Ball, location: 2F
0-1: Foul Ball, location: 2F
0-2: Fielders Choice at 2nd, 2-6 (Groundball, 2R)
Yehonatan Chazan to third
Batting: RHB Cristián Coronado 0-0: Ball
1-0: Ball
Throwing error on steal attempt, E2
Yehonatan Chazan scores
Joseph Papasogli to third
2-0: Swinging Strike
2-1: Foul Ball, location: 2F
2-2: Ball
3-2: Ground out 4-3 (Groundball, 4M)
Bottom of the 4th over - 1 run, 2 hits, 1 error, 1 left on base; Quebec City 6 - Oakland 1
TOP OF THE 5TH
Quebec City Les Bleus batting - Pitching for Oakland Oaks : LHP Faisal bin Nabeel
Batting: RHB Jack Bonner 0-0: Ground out 5-3 (Groundball, 56S)
Batting: SHB Luis Manuel Flores 0-0: Ball
1-0: Ball
2-0: Called Strike
2-1: Fly out, F7 (Flyball, 7LMF)
Batting: RHB Reg Spiers 0-0: Swinging Strike
0-1: Ball
1-1: Foul Ball, location: 2F
1-2: Strikes out swinging
Top of the 5th over - 0 runs, 0 hits, 0 errors, 0 left on base; Quebec City 6 - Oakland 1
BOTTOM OF THE 5TH
Oakland Oaks batting - Pitching for Quebec City Les Bleus : RHP CB Huntington
Batting: LHB Ed Berry 0-0: Ball
1-0: Ball
2-0: Called Strike
2-1: Foul Ball, location: 2F
2-2: SINGLE (Flyball, 9S)
Batting: RHB Mike Wazowski 0-0: Ball
1-0: Ball
2-0: Ball
3-0: Base on Balls
Ed Berry to second
Batting: RHB Colin O'Connell 0-0: Grounds into double play, 5-4-3 (Groundball, 56)
Ed Berry to third
Batting: RHB Yosuke Hayashi 0-0: Fly out, F7 (Line Drive, 7)
Bottom of the 5th over - 0 runs, 1 hit, 0 errors, 1 left on base; Quebec City 6 - Oakland 1
TOP OF THE 6TH
Quebec City Les Bleus batting - Pitching for Oakland Oaks : LHP Faisal bin Nabeel
Pitching: RHP Mal Houser
Batting: RHB Stan Pagnotta 0-0: Called Strike
0-1: Swinging Strike
0-2: Foul Ball, location: 2F
0-2: Strikes out swinging
Batting: RHB Jorge Salgado 0-0: Called Strike
0-1: Ball
1-1: Foul Ball, location: 2F
1-2: Ball
2-2: Fly out, F8 (Flyball, 8RM)
Batting: LHB Jeff Simpson 0-0: Called Strike
0-1: Ball
1-1: Ball
2-1: Foul Ball, location: 2F
2-2: Foul Ball, location: 2F
2-2: Strikes out swinging
Top of the 6th over - 0 runs, 0 hits, 0 errors, 0 left on base; Quebec City 6 - Oakland 1
BOTTOM OF THE 6TH
Oakland Oaks batting - Pitching for Quebec City Les Bleus : RHP CB Huntington
Batting: RHB Yehonatan Chazan 0-0: Ball
1-0: Ball
2-0: SINGLE (Groundball, 6D)
Batting: RHB Armando Rodríguez 0-0: Ball
1-0: Foul Ball, location: 2F
1-1: Fly out, F8 (Line Drive, 8RM)
Batting: SHB Luis Luquín 0-0: Ball
1-0: Ball
2-0: Fly out, F9 (Flyball, 9S)
Batting: RHB Joseph Papasogli 0-0: Ball
Yehonatan Chazan steals 2nd base
1-0: Ball
2-0: Called Strike
2-1: Ball
3-1: Foul Ball, location: 2F
3-2: Foul Ball, location: 2F
3-2: SINGLE (Groundball, 56D)
Yehonatan Chazan to third
Yehonatan Chazan scores
Batting: RHB Cristián Coronado 0-0: Ball
1-0: Ball
2-0: Called Strike
Throwing error on steal attempt, E2
Joseph Papasogli to third
2-1: Fly out, F8 (Flyball, 8RD)
Bottom of the 6th over - 1 run, 2 hits, 1 error, 1 left on base; Quebec City 6 - Oakland 2
TOP OF THE 7TH
Quebec City Les Bleus batting - Pitching for Oakland Oaks : RHP Mal Houser
Batting: RHB Kumanosuke Asano 0-0: Called Strike
0-1: Ball
1-1: Called Strike
1-2: Strikes out swinging
Batting: RHB Lane McCool 0-0: Called Strike
0-1: Ball
1-1: Ball
2-1: Ball
3-1: Foul Ball, location: 2F
3-2: Fly out, F7 (Flyball, 7LD)
Batting: LHB Scott Janousek 0-0: Ball
1-0: Called Strike
1-1: Ball
2-1: Fly out, F9 (Flyball, 9LS)
Top of the 7th over - 0 runs, 0 hits, 0 errors, 0 left on base; Quebec City 6 - Oakland 2
BOTTOM OF THE 7TH
Oakland Oaks batting - Pitching for Quebec City Les Bleus : RHP CB Huntington
Batting: LHB Ed Berry 0-0: Called Strike
0-1: Ball
1-1: Ball
2-1: Foul Ball, location: 2F
2-2: Ball
3-2: Foul Ball, location: 2F
3-2: Base on Balls
Batting: RHB Mike Wazowski 0-0: Grounds into double play, 5-4-3 (Groundball, 56)
Batting: RHB Colin O'Connell 0-0: Ball
1-0: SINGLE (Groundball, 6D)
Batting: RHB Yosuke Hayashi 0-0: Ball
1-0: Fly out, F7 (Flyball, 78S)
Bottom of the 7th over - 0 runs, 1 hit, 0 errors, 1 left on base; Quebec City 6 - Oakland 2
TOP OF THE 8TH
Quebec City Les Bleus batting - Pitching for Oakland Oaks : RHP Mal Houser
Batting: RHB Jack Bonner 0-0: Ball
1-0: Called Strike
1-1: Fly out, F7 (Flyball, 7S)
Batting: SHB Luis Manuel Flores 0-0: Called Strike
0-1: Foul Ball, location: 2F
0-2: Ground out 4-3 (Groundball, 34)
Batting: RHB Reg Spiers 0-0: Called Strike
0-1: Fly out, F9 (Flyball, 9S)
Top of the 8th over - 0 runs, 0 hits, 0 errors, 0 left on base; Quebec City 6 - Oakland 2
BOTTOM OF THE 8TH
Oakland Oaks batting - Pitching for Quebec City Les Bleus : RHP CB Huntington
Batting: RHB Yehonatan Chazan 0-0: Swinging Strike
0-1: Ball
1-1: Ball
2-1: Ball
3-1: Ground out 5-3 (Groundball, 5S)
Batting: RHB Armando Rodríguez 0-0: Ball
1-0: SINGLE (Groundball, 6MD)
Batting: SHB Luis Luquín 0-0: Called Strike
0-1: SINGLE (Line Drive, 8LS)
Armando Rodríguez to second
Runner from 2nd tries for 3rd, SAFE, no throw
Batting: RHB Joseph Papasogli 0-0: SINGLE (Line Drive, 7S)
Armando Rodríguez scores
Luis Luquín to second
Batting: RHB Cristián Coronado 0-0: Grounds into double play, 4-6-3 (Groundball, 4)
Bottom of the 8th over - 1 run, 3 hits, 0 errors, 1 left on base; Quebec City 6 - Oakland 3
TOP OF THE 9TH
Quebec City Les Bleus batting - Pitching for Oakland Oaks : RHP Mal Houser
Pitching: LHP Augusto Vélez
Batting: RHB Stan Pagnotta 0-0: Ball
1-0: Ball
2-0: Called Strike
2-1: Foul Ball, location: 2F
2-2: Strikes out swinging
Batting: RHB Jorge Salgado 0-0: Foul Ball, location: 2F
0-1: Called Strike
0-2: Ball
1-2: Strikes out swinging
Batting: LHB Jeff Simpson 0-0: Ball
1-0: Ball
2-0: Swinging Strike
2-1: Swinging Strike
2-2: Foul Ball, location: 2F
2-2: Foul Ball, location: 2F
2-2: Ball
3-2: Fly out, F8 (Line Drive, 8RM)
Top of the 9th over - 0 runs, 0 hits, 0 errors, 0 left on base; Quebec City 6 - Oakland 3
BOTTOM OF THE 9TH
Oakland Oaks batting - Pitching for Quebec City Les Bleus : RHP CB Huntington
Batting: LHB Ed Berry 0-0: Ball
1-0: Ball
2-0: Ball
3-0: Called Strike
3-1: Base on Balls
Pitching: RHP Matt Digby
Batting: RHB Mike Wazowski 0-0: Called Strike
0-1: Swinging Strike
0-2: Ball
1-2: Ball
2-2: Ball
3-2: Strikes out swinging
Batting: RHB Colin O'Connell 0-0: Called Strike
0-1: Ball
1-1: Fly out, F9 (Flyball, 9S)
Batting: RHB Yosuke Hayashi 0-0: Foul Ball, location: 2F
0-1: Ball
1-1: Ball
2-1: Swinging Strike
2-2: Foul Ball, location: 2F
2-2: Strikes out swinging, 2-3 out at first.
Bottom of the 9th over - 0 runs, 0 hits, 0 errors, 1 left on base; Quebec City 6 - Oakland 3
Saturday, December 22nd, 2018 - OOTP Baseball 18.8 Build 76